cohdb
Replays
Latest Replays
All Replays
Popular Replays
Top Player Replays
Match Explorer
How It Works
Community
CoH3 Stats
Reddit
Sign in to upload your games and track your stats! →
Sign in with Steam
Match 42784688
Unlisted
Match 42784688
Overview
Messages
Build Orders
End
Kradschützen Motorcycle Team
Panzergrenadier Squad
Selects Panzerjäger Kommand Battlegroup
Selects Blockade Equipment
Panzergrenadier Squad
Construct Light Support Kompanie
2.5-tonne Medical Truck
Fire Support Elements
le.IG 18 Mechanized Group
Pak 38 Anti-tank Gun Team
Flakvierling Half-track
Vehicle Survival Package
2.5-tonne Medical Truck
Construct Panzerarmee Kommand
Selects Defensive Positions
Selects Butterfly Bomb Drop
Butterfly Bomb Drop
Panzer III L Medium Tank
Selects Tank Busters
Selects Crew Shock Tactics
Emergency Repair Kits
Butterfly Bomb Drop
Panzer III L Medium Tank
Panzerjäger Mechanized Group
Flak 36 Anti-tank Gun Team
Selects Anti-tank Overwatch
Anti-tank Overwatch
Panzer III L Medium Tank
Panzerjäger Mechanized Group
Mr. Jor
CrvenBan
Delirio100k
openfire44
Tok3n x Operator
бескрайняя плоть
0
0
Comments
sign in to comment!
No comments posted yet!